 Dungeon Crawl Stone Soup version 0.31.0-1-g2c135a0 (webtiles) character file.

Game seed: 9890191458145715002

167 edsrzf the Magician (level 5, -8/31 HPs)
             Began as a Deep Elf Monk on Jan 30, 2024.
             Was a Priest of Vehumet.
             Mangled by a black bear (11 damage)
             ... on level 4 of the Dungeon.
             The game lasted 00:05:47 (3154 turns).

edsrzf the Magician (Deep Elf Monk)                 Turns: 3154, Time: 00:05:48

Health: -8/31      AC:  3    Str:  8    XL:     5   Next: 23%
Magic:  15/15      EV: 13    Int: 17    God:    Vehumet [***...]
Gold:   116        SH:  0    Dex: 17    Spells: 15/15 levels left

rFire   . . .        a - +0 falchion
rCold   . . .        d - orb {light}
rNeg    . . .        b - +0 robe
rPois   .            (no helmet)
rElec   .            n - +0 cloak
rCorr   .            (no gloves)
SInv    .            (no boots)
Will    .....        (no amulet)
Stlth   +            i - +4 ring of slaying
HPRegen 0.25/turn    (no ring)
MPRegen 0.14/turn

%: no passive effects
@: glowing
A: no striking features
a: Renounce Religion


You were on level 4 of the Dungeon.
You worshipped Vehumet.
Vehumet was most pleased with you.
You visited 1 branch of the dungeon, and saw 4 of its levels.

You collected 144 gold pieces.
You spent 28 gold pieces at shops.

Inventory:

Hand Weapons
 a - a +0 falchion (weapon)
Armour
 b - a +0 robe (worn)
 d - an orb of light (worn)
 n - a +0 cloak (worn)
Jewellery
 i - a +4 ring of slaying (left hand)
Scrolls
 f - 2 scrolls of teleportation {unknown}
 h - a scroll of fear {unknown}
 k - a scroll of amnesia {unknown}
 l - a scroll of enchant armour {unknown}
 m - a scroll of fog {unknown}
 q - a scroll of noise {unknown}
Potions
 c - 2 potions of ambrosia
 e - 2 potions of enlightenment
 g - a potion of magic
 j - 2 potions of lignification
 p - 3 potions of curing {unknown}
 r - a potion of degeneration {unknown}
 s - a potion of might {unknown}


   Skills:
 - Level 2.4 Fighting
 - Level 3.1 Long Blades
 - Level 3.6 Dodging
 - Level 2.0 Stealth
 + Level 5.6 Spellcasting


You had 15 spell levels left.
You didn't know any spells.
Your spell library was empty.

Dungeon Overview and Level Annotations

Branches:
Dungeon (4/15)
 Temple: D:4-7

Altars:
Elyvilon
Makhleb
Okawaru
Vehumet
Wu Jian

Shops:
D:2 ?


Message History

A ball python is nearby!
You hit the ball python.
The ball python is severely wounded.
The ball python barely misses you. The ball python misses you.
You slash the ball python!
You kill the ball python!
Vehumet accepts your kill.
You now have 116 gold pieces (gained 10).
Found an iron altar of Okawaru.
A frilled lizard comes into view.
A frilled lizard is nearby!
The frilled lizard barely misses you.
You hit the frilled lizard.
You kill the frilled lizard!
Vehumet accepts your kill.
A hobgoblin comes into view.
The hobgoblin shouts!
The hobgoblin hits you.
You hit the hobgoblin.
The hobgoblin is moderately wounded.
The hobgoblin hits you.
You hit the hobgoblin.
The hobgoblin is almost dead.
The hobgoblin closely misses you.
The hobgoblin hits you but does no damage.
You hit the hobgoblin.
You kill the hobgoblin!
Vehumet accepts your kill.
Found a burning altar of Makhleb.
The cacodemon shouts!
You open the door.
Done exploring.
Done exploring.
There is a stone staircase leading down here.
You climb downwards.
There is a stone staircase leading up here.
A bombardier beetle is nearby!
Autoexplore enabled for D:4 You hit the bombardier beetle.
The bombardier beetle is lightly wounded.
You hit the bombardier beetle.
The bombardier beetle is moderately wounded.
The bombardier beetle bites you but does no damage.
You hit the bombardier beetle.
The bombardier beetle is heavily wounded.
The bombardier beetle closely misses you.
You slash the bombardier beetle!
You kill the bombardier beetle!
Vehumet accepts your kill.
You have reached level 5!
You see here a bombardier beetle corpse.
A dart slug comes into view.
Found a smoky blue potion.
You slash the dart slug!
You kill the dart slug!
Vehumet accepts your kill.
You see here a dart slug corpse.
r - a smoky blue potion
Found a stone staircase leading down.
Found a stone staircase leading down.
s - a lumpy golden potion
p - 3 fizzy pink potions (gained 1)
A black bear comes into view.
The black bear growls angrily.
Okay, then.
You throw a poisoned dart. The poisoned dart hits the black bear.
The black bear is poisoned.
You throw a poisoned dart.
The poisoned dart closely misses the black bear.
You throw a poisoned dart. The poisoned dart hits the black bear.
The black bear looks even sicker.
You throw a poisoned dart. The poisoned dart hits the black bear.
The black bear looks even sicker.
The black bear is lightly wounded.
A giant cockroach comes into view.
The giant cockroach waves its antennae.
You hit the black bear.
The black bear is heavily wounded.
The black bear barely misses you.
The black bear claws you but does no damage.
The black bear claws you.
You slash the black bear!
The black bear is almost dead.
The black bear goes berserk!
You slash the black bear!
The black bear is almost dead.
The black bear closely misses you. The black bear claws you. x2
The black bear bites you! The black bear claws you.
* * * LOW HITPOINT WARNING * * *
The black bear closely misses you. The giant cockroach bites you.
* * * LOW HITPOINT WARNING * * *
You hit the black bear but do no damage.
The black bear is almost dead.
The black bear barely misses you.
The black bear claws you but does no damage.
The black bear claws you.
* * * LOW HITPOINT WARNING * * *
The giant cockroach bites you but does no damage.
The black bear bites you!
You die...

.........#
##..####.
........## #..# ##
#........# #..# #
###.>....#####..#
#........#.....##
#..#####.........
#..######......##.
#.##.B.........#
.. #@h.........#
#.........(.#
#..........(#
#...........(#
#........##...#
#........# ##..
#........# #
#.........


You could see a black bear (berserk, poisoned) and a giant cockroach.

Vanquished Creatures
  A bombardier beetle (D:4)
  A jelly (D:2)
  4 adders
  7 dart slugs
  An orc (D:3)
  6 ball pythons
  6 bats
  3 endoplasms
  3 giant cockroaches
  5 goblins
  3 hobgoblins
  4 kobolds
  3 quokkas
  6 frilled lizards
  5 rats
58 creatures vanquished.

Vanquished Creatures (others)
  3 draconians (D:1)
  A formicid (D:1)
  2 vampires (D:1)
  2 elves (D:1)
  A human (D:1)
  2 demigods (D:1)
  A felid (D:1)
  6 tentacles (D:1)
18 creatures vanquished.

Grand Total: 76 creatures vanquished

Notes
Turn   | Place    | Note
-------+----------+-------------------------------------------
     0 | D:1      | edsrzf the Deep Elf Monk began the quest for the Orb.
     0 | D:1      | Reached XP level 1. HP: 13/13 MP: 3/3
     0 | D:1      | Noticed a demigod
     0 | D:1      | Noticed a human
     0 | D:1      | Noticed a formicid
     0 | D:1      | Noticed a vampire
     0 | D:1      | Noticed a demigod
     0 | D:1      | Noticed a kraken
     0 | D:1      | Noticed a felid
     0 | D:1      | Noticed a draconian
     0 | D:1      | Noticed a vampire
     0 | D:1      | Noticed an elf
     0 | D:1      | Noticed an elf
     0 | D:1      | Noticed a draconian
     0 | D:1      | Noticed a draconian
     5 | D:1      | Killed a draconian
     6 | D:1      | Killed an elf
     6 | D:1      | Killed a felid
     7 | D:1      | Killed a vampire
     7 | D:1      | Killed a demigod
     8 | D:1      | Killed a demigod
     9 | D:1      | Killed a human
    10 | D:1      | Killed an elf
    11 | D:1      | Killed a formicid
    13 | D:1      | Killed a draconian
    16 | D:1      | Killed a draconian
    20 | D:1      | Killed a vampire
   100 | D:1      | Reached skill level 1 in Stealth
   103 | D:1      | Reached skill level 3 in Long Blades
   103 | D:1      | Reached XP level 2. HP: 18/18 MP: 4/4
   362 | D:1      | Found a faded altar of an unknown god.
   459 | D:1      | Prayed at the altar of an unknown god.
   459 | D:1      | Became a worshipper of Vehumet
   459 | D:1      | Reached * piety under Vehumet
   459 | D:1      | Offered knowledge of Sandblast by Vehumet.
   459 | D:1      | Reached ** piety under Vehumet
   490 | D:1      | Reached skill level 2 in Stealth
   765 | D:1      | Offered knowledge of Searing Ray by Vehumet.
   836 | D:2      | Reached skill level 1 in Spellcasting
  1038 | D:2      | Found Xesiodgh's Magic Scroll Shoppe.
  1041 | D:2      | Bought a scroll of identify for 28 gold pieces
  1041 | D:2      | Identified a potion of magic
  1042 | D:2      | Identified 2 potions of lignification
  1072 | D:2      | Offered knowledge of Dazzling Flash by Vehumet.
  1092 | D:2      | Reached *** piety under Vehumet
  1159 | D:2      | Reached skill level 3 in Spellcasting
  1159 | D:2      | Reached XP level 3. HP: 16/22 MP: 6/9
  1421 | D:2      | Reached XP level 4. HP: 27/27 MP: 9/11
  1973 | D:3      | Found a white marble altar of Elyvilon.
  2010 | D:3      | Reached skill level 4 in Spellcasting
  2026 | D:3      | Found an ornate altar of the Wu Jian Council.
  2107 | D:3      | Identified 2 potions of enlightenment
  2170 | D:3      | Offered knowledge of Frozen Ramparts by Vehumet.
  2767 | D:3      | Reached skill level 5 in Spellcasting
  2830 | D:3      | Found an iron altar of Okawaru.
  2901 | D:3      | Found a burning altar of Makhleb.
  2901 | D:3      | Noticed a cacodemon
  3094 | D:4      | Reached XP level 5. HP: 31/31 MP: 15/15
  3139 | D:4      | Noticed a black bear
  3154 | D:4      | Mangled by a black bear

Illustrated notes

Levels and vault maps discovered:
D:1:      nicolae_arrival_kraken_aquarium_a, layout_loops_ring,
          shapermc_ecumenical_altar_mp_ritualfount,
          nicolae_concentric_dashed_squares_wild
D:2:      wad_lake_hut, layout_basic, serial_shops, nicolae_shop_rolled_up,
          chequers_jeans
D:3:      layout_basic, okawaru_trees_1, mainiacjoe_overflow_catch_the_wave,
          makhleb_altar_promises_db
D:4:      layout_layer_cave, zin_purify, minmay_misc_feat_alley

Skill      XL: |  1  2  3  4 |
---------------+-------------+-----
Stealth        | 1 2 |  2.0
Long Blades    | 3 |  3.1
Spellcasting   | 3 5 |  5.6
Fighting       | |  2.4
Dodging        | |  3.6

Action                     |  1- 3 |  4- 6 || total
---------------------------+-------+-------++-------
  Melee: Falchion          |    62 |    63 ||   125
  Throw: Dart              |       |     4 ||     4
    Use: Scroll            |     2 |     1 ||     3
   Stab: Sleeping          |       |     1 ||     1
 Armour: Robe              |    25 |    45 ||    70
  Dodge: Dodged            |    39 |    45 ||    84
